AoeStats
← JRazzz

African Clearing

505664700Analyzed
3v3 RM · 22d ago on Sep 10, 2026· 63m 44s· 6 players
Game mode
Random Map
Map size
Normal (6 player)
Population
200
Speed
Normal
Resources
Standard
Victory
Conquest
Starting age
Dark Age
Ending age
Imperial Age
RankedLock teamsTeams togetherTeam positionsShared explorationLock speedFull tech treeHidden civsTurbo modeCheats
Victory
Defeat
🇭🇰 Berbers · Hong Kong SAR China
1406
+12
🇭🇰 Huns · Hong Kong SAR China
1314
+15
🇭🇰 Bohemians · Hong Kong SAR China
1280
+17
🇸🇪 Bulgarians · Sweden
1328
-16
🇵🇪 Franks · Peru
1291
-14
🇬🇧 Magyars · United Kingdom
1290
-14
JRazzz
4:08 Loom
13:34 Feudal Age
17:42 Castle Age
16:08 Double-Bit Axe
16:58 Town Watch
18:48 Fletching
23:05 Horse Collar
27:27 Bow Saw
29:31 Wheelbarrow
30:01 Scale Barding Armor
31:20 Chain Barding Armor
32:20 Bloodlines
32:10 Husbandry
37:21 Imperial Age
36:37 Bodkin Arrow
36:43 Padded Archer Armor
37:19 Gold Mining
38:07 Leather Archer Armor
38:17 Ballistics
38:48 Parthian Tactics
38:28 Recurve Bow
39:07 Conscription
39:13 Bracer
40:53 Chemistry
41:04 Thumb Ring
42:06 Heavy Cavalry Archer
42:17 Heavy Cavalry Archer
Joestar
3:39 Loom
15:04 Feudal Age
19:20 Castle Age
28:30 Double-Bit Axe
29:19 Gold Mining
31:19 Wheelbarrow
30:33 Town Watch
31:21 Town Patrol
37:21 Imperial Age
34:53 Stone Mining
35:56 #83
36:23 Forging
36:14 Scale Mail Armor
37:28 Gold Shaft Mining
38:10 Hand Cart
38:28 Conscription
38:46 Iron Casting
38:26 Chain Mail Armor
40:56 Blast Furnace
41:02 Bow Saw
41:20 Elite Throwing Axeman
50:57 Fletching
51:38 Plate Mail Armor
51:25 Bodkin Arrow
56:11 Padded Archer Armor
56:38 Ballistics
57:19 Chemistry
El Lino
10:43 Loom
12:28 Feudal Age
16:48 Castle Age
17:17 Double-Bit Axe
23:34 Bow Saw
23:05 Horse Collar
24:39 Heavy Plow
26:13 Town Watch
27:10 Wheelbarrow
29:50 Fletching
30:00 Padded Archer Armor
30:13 Elite Skirmisher
30:50 Bodkin Arrow
31:11 Leather Archer Armor
32:40 Bloodlines
33:48 Hand Cart
34:03 Scale Barding Armor
34:57 Chain Barding Armor
34:37 Scale Mail Armor
36:00 Stirrups
36:53 Ballistics
37:25 Thumb Ring
37:41 Husbandry
37:57 Chain Mail Armor
37:52 Forging
39:16 Caravan
39:46 Coinage
39:53 Iron Casting
43:12 Imperial Age
43:55 Bracer
44:27 Plate Mail Armor
44:32 Plate Barding Armor
43:35 Elite Konnik
45:17 Blast Furnace
45:04 Light Cavalry
48:52 Conscription
48:47 Pikeman
49:27 Squires
51:19 Crop Rotation
52:28 Banking
51:56 Hussar
57:46 Gold Mining
Shadow O.o
9:18 Loom
12:41 Feudal Age
21:33 Castle Age
21:34 Double-Bit Axe
26:59 Horse Collar
32:15 Bloodlines
33:27 Husbandry
35:17 Scale Barding Armor
36:08 Wheelbarrow
36:44 Bow Saw
36:45 Gold Mining
38:52 Hand Cart
39:05 Forging
40:56 Chain Barding Armor
42:59 Gold Shaft Mining
47:06 Iron Casting
52:27 Imperial Age
50:24 Town Watch
50:42 Stone Mining
51:25 Light Cavalry
52:51 Heavy Plow
52:31 Cavalier
53:48 Plate Barding Armor
55:33 Blast Furnace
55:24 Hussar
57:38 Crop Rotation
winner521
6:46 Loom
13:53 Feudal Age
15:45 Horse Collar
16:15 Double-Bit Axe
18:43 Castle Age
19:51 Heavy Plow
20:04 Bow Saw
20:51 Scale Mail Armor
25:19 Wheelbarrow
26:55 Hand Cart
28:01 Town Watch
29:06 Pikeman
30:52 Forging
35:42 Imperial Age
34:36 Ballistics
35:17 Chemistry
34:35 Scale Barding Armor
35:06 Iron Casting
34:52 Squires
37:28 Halberdier
39:23 Chain Mail Armor
40:09 Blast Furnace
39:02 Fletching
39:58 Town Patrol
41:01 Two-Man Saw
41:06 Plate Mail Armor
41:13 Conscription
41:00 Wagenburg Tactics
47:04 Chain Barding Armor
46:40 Bodkin Arrow
47:15 Arson
49:07 Light Cavalry
49:48 Husbandry
49:38 Elite Hussite Wagon
56:09 Coinage
57:18 Siege Engineers
56:54 Treadmill Crane
59:57 Bracer
59:58 Padded Archer Armor
Kill Me Softly
10:40 Loom
13:16 Feudal Age
18:30 Castle Age
16:34 Double-Bit Axe
19:15 Bloodlines
19:39 Horse Collar
20:52 Husbandry
21:57 Horse Collar
23:19 Gold Mining
24:09 Fletching
27:48 Wheelbarrow
29:18 Thumb Ring
30:46 Hand Cart
30:18 Town Watch
32:34 Stone Mining
33:20 Gold Shaft Mining
36:37 Ballistics
36:28 Masonry
39:16 Imperial Age
38:19 Bodkin Arrow
38:24 Padded Archer Armor
38:36 Forging
38:31 Scale Barding Armor
38:40 Heavy Plow
39:18 Elite Skirmisher
39:19 Heavy Cavalry Archer
40:28 Leather Archer Armor
40:21 Scale Barding Armor
40:32 Cavalier
42:19 Parthian Tactics
43:19 Chemistry
44:46 Bracer
45:46 Conscription
47:09 Iron Casting
46:54 Chain Barding Armor
51:34 Plate Barding Armor
51:59 Blast Furnace
54:23 Light Cavalry
56:53 Crossbowman
57:49 Hussar
61:51 Marauders
61:18 Elite Tarkan
Connection lost

Rejoining the realm…

Still unreachable

The connection could not be restored.

Session expired

The server has moved on; the page needs a fresh start.